 Dungeon Crawl Stone Soup version 0.18.1-50-g88ac8fd (webtiles) character file.

57 grantduval the Magician (level 3, 0/25 HPs)
             Began as a Demonspawn Wizard on Apr 14, 2017.
             Slain by an adder (3 damage)
             ... on level 2 of the Dungeon.
             The game lasted 00:04:54 (1516 turns).

grantduval the Magician (Demonspawn Wizard)         Turns: 1516, Time: 00:04:54

Health: 0/25       AC:  3    Str:  8    XL:     3   Next: 73%
Magic:  0/8        EV: 12    Int: 19    God:
Gold:   117        SH:  0    Dex: 11    Spells: 1 memorised, 8 levels left

rFire  . . .     SeeInvis .     k - +0 dagger
rCold  + . .     Gourm    .     a - +0 robe
rNeg   . . .     Faith    .     (no shield)
rPois  .         Spirit   +     b - +0 hat
rElec  .         Dismiss  .     g - +0 cloak
rCorr  .         Reflect  .     (no gloves)
SustAt .         Harm     .     (no boots)
MR     .....                    h - amulet of guardian spirit
Stlth  ++........               (no ring)
                                (no ring)

@: lethally poisoned (0 -> -25), not resistant to hostile enchantments,
unstealthy
A: cold resistance 1
a: no special abilities


You were on level 2 of the Dungeon.
You were not hungry.

You visited 1 branch of the dungeon, and saw 2 of its levels.

You collected 117 gold pieces.

Inventory:

Hand Weapons
 k - a +0 dagger (weapon)
Armour
 a - a +0 robe (worn)
 b - a +0 hat (worn)
 g - a +0 cloak (worn)
Jewellery
 h - an amulet of guardian spirit (around neck)
 m - an uncursed ring of poison resistance {unknown}
Scrolls
 e - a scroll of fog
 i - 2 scrolls of identify
 j - a scroll of remove curse {unknown}
 l - a scroll of recharging
Books
 c - a book of Minor Magic

   Spells                             Type                      Level
   a - Magic Dart                     Conjuration                  1
   b - Blink                          Translocation                2
   c - Call Imp                       Summoning                    2
   d - Repel Missiles                 Charms/Air                   2
   e - Slow                           Hexes                        2
   f - Conjure Flame                  Conjuration/Fire             3
   g - Mephitic Cloud                 Conjuration/Poison/Air       3
Comestibles
 d - a bread ration
 f - a slice of pizza


   Skills:
 + Level 0.6 Fighting
 + Level 2.8 Dodging
 + Level 1.9 Stealth
 + Level 0.3 Unarmed Combat
 + Level 3.5 Spellcasting
 + Level 1.2 Conjurations
   Level 1.0 Summonings
   Level 0.8 Translocations


You had 8 spell levels left.
You knew the following spells:

 Your Spells              Type           Power        Failure   Level  Hunger
a - Magic Dart            Conj           #...         10%         1    None


Dungeon Overview and Level Annotations

Branches:
Dungeon (2/15)

Altars:
Cheibriados
Xom


Innate Abilities, Weirdness & Mutations

Your flesh is cold resistant.


Message History

Aiming: Magic Dart
Press: ? - help, Shift-Dir - straight line, f/p - adder
Aim: an adder (severely wounded)
The magic dart hits the adder.
The adder is severely wounded.
* * * LOW HITPOINT WARNING * * *
You feel sick. The adder bites you.
* * * LOW HITPOINT WARNING * * *
You are more poisoned.
The adder poisons you!
Casting: Magic Dart
Confirm with . or Enter, or press ? or * to list all spells.
Aiming: Magic Dart
Press: ? - help, Shift-Dir - straight line, f/p - adder
Aim: an adder (severely wounded)
The magic dart hits the adder.
The adder is almost dead.
* * * LOW HITPOINT WARNING * * *
You feel sick. The adder bites you.
You die...

..#.# #..>...#.#
..#.# #......#.#
..#.# #.##..##<#
..#.# #)##...).#
.##.####
#†##.....#
##.....#
###.######.#
...###.###≈^.__##
#.# ####
#.##.≈≈.♣..###.#
#.#≈....♣≈_@#..#
#.^.≈.._..#S...#
###♣......#.#..#
#....♣.≈##.##
####≈♣.## #
###^### #..


You could see an adder.

Vanquished Creatures
  4 adders
  2 giant cockroaches (D:1)
  5 goblins
  2 hobgoblins
  4 bats (D:1)
  A giant newt (D:2)
  A kobold (D:1)
  6 rats
25 creatures vanquished.

Notes
Turn   | Place    | Note
--------------------------------------------------------------
     0 | D:1      | grantduval the Demonspawn Wizard began the quest for the Orb.
     0 | D:1      | Reached XP level 1. HP: 13/13 MP: 4/4
   501 | D:1      | Gained mutation: Your flesh is cold resistant. [demonic ancestry]
   501 | D:1      | Reached XP level 2. HP: 19/19 MP: 4/6
   960 | D:1      | Reached XP level 3. HP: 8/25 MP: 0/7
  1281 | D:2      | Found a snail-covered altar of Cheibriados.
  1333 | D:2      | Found a shimmering altar of Xom.
  1375 | D:2      | Found a shimmering altar of Xom.
  1380 | D:2      | Found a shimmering altar of Xom.
  1496 | D:2      | Found a shimmering altar of Xom.
  1496 | D:2      | Found a shimmering altar of Xom.
  1497 | D:2      | Found a shimmering altar of Xom.
  1516 | D:2      | Slain by an adder

Skill      XL: |  1  2 |
---------------+-------+-----
Dodging        | 2 |  2.8
Fighting       | |  0.6
Stealth        | |  1.9
Unarmed Combat | |  0.3
Spellcasting   | |  3.5
Conjurations   | |  1.2
Summonings     | |  1.0
Translocations | |  0.8

Action                   || total
-------------------------++-------
Melee: Unarmed           ||    81
       Dagger            ||    55
 Cast: Magic Dart        ||    34
  Use: Potion            ||     5
       Scroll            ||     3
  Eat: Fruit             ||     5
Armor: Robe              ||    38
       Skin              ||     6
Dodge: Dodged            ||    98
